 Dungeon Crawl Stone Soup version 0.32-a0-868-g153ae1a8d6 (webtiles) character file.

Game seed: 11067297421242460426

22428 tilp the Jinx (level 12, -3/88 (97) HPs)
             Began as a Vampire Enchanter on Mar 28, 2024.
             Was a High Priest of Wu Jian.
             Slain by a skyshark (9 damage)
             ... on level 2 of the Lair of Beasts.
             The game lasted 00:32:02 (13710 turns).

tilp the Jinx (Vampire Enchanter)                  Turns: 13710, Time: 00:32:03

HP:   -3/88 (97)    AC: 15    Str:  7    XL:     12   Next: 62%
MP:   10/22         EV: 13    Int: 23    God:    Wu Jian [*****.]
Gold: 578           SH:  4    Dex: 17    Spells: 14/25 levels left

rFire   + . .        a - +5 dagger (freeze)
rCold   + . .        S - +0 buckler
rNeg    . . .        P - +0 steam dragon scales
rPois   +            s - +1 helmet
rElec   .            d - scarf {rC+ rF+}
rCorr   .            y - +1 pair of gloves
SInv    +            R - +0 pair of boots "Egapt" {Dex+3 Stlth+}
Will    +....        M - amulet of magic regeneration
Stlth   ++++++       W - +4 ring of protection
HPRegen 0.54/turn    J - ring of poison resistance
MPRegen 0.58/turn

%: no passive effects
@: confusing by touch, healing quickly, drained
A: alive, fangs 3, see invisible, vampiric 2
a: Exsanguinate, Renounce Religion, Wall Jump, Serpent's Lash, Heavenly Storm


You were on level 2 of the Lair of Beasts.
You worshipped Wu Jian.
Wu Jian was extremely pleased with you.
You visited 3 branches of the dungeon, and saw 14 of its levels.
You also visited: Sewer, Ossuary and Bailey.

You collected 1447 gold pieces.
You spent 869 gold pieces at shops.

Inventory:

Hand Weapons
 a - a +5 dagger of freezing (weapon)
 b - the +2 falchion of Juvvoget {antimagic, rPois rCorr Dex+3 Stlth+}
   (You found it on level 8 of the Dungeon)

   Dex+3:     It affects your dexterity (+3).
   rPois:     It protects you from poison.
   rCorr:     It protects you from acid and corrosion.
   Stlth+:    It makes you more stealthy.
 T - a +5 dagger
Missiles
 h - 36 poisoned darts (quivered)
 l - 2 curare-tipped darts
 K - 3 silver javelins
Armour
 d - a scarf of resistance (worn)
 s - a +1 helmet (worn)
 y - a +1 pair of gloves (worn)
 P - +0 steam dragon scales (worn)
 R - the +0 pair of boots "Egapt" (worn) {Dex+3 Stlth+}
   (You bought it in a shop on level 10 of the Dungeon)

   Dex+3:     It affects your dexterity (+3).
   Stlth+:    It makes you more stealthy.
 S - a +0 buckler (worn)
 U - a +0 cloak
Jewellery
 F - an amulet of the acrobat
 H - a ring of ice
 J - a ring of poison resistance (right hand)
 M - an amulet of magic regeneration (around neck)
 W - a +4 ring of protection (left hand)
 X - a +5 ring of evasion
Wands
 i - a wand of flame (28)
 z - a wand of iceblast (5)
 A - a wand of polymorph (13)
 D - a wand of paralysis (8)
 V - a wand of mindburst (9)
Scrolls
 k - a scroll of blinking
 n - 4 scrolls of fog
 v - 2 scrolls of fear
 B - 6 scrolls of teleportation
 C - a scroll of butterflies
 G - 6 scrolls of revelation
 O - 6 scrolls of identify
 Q - a scroll of poison
 Z - 2 scrolls of immolation
Potions
 c - 3 potions of invisibility
 f - 6 potions of mutation
 g - 8 potions of curing
 j - 5 potions of attraction
 o - 2 potions of haste
 p - 7 potions of magic
 q - a potion of cancellation
 t - 3 potions of resistance
 x - 2 potions of ambrosia
 E - a potion of enlightenment
 N - 2 potions of heal wounds


   Skills:
 * Level 9.8 Fighting
 - Level 2.9(8.0) Short Blades
 * Level 10.7(10.9) Long Blades
 - Level 3.0 Armour
 - Level 6.0 Dodging
 - Level 12.0 Stealth
 - Level 7.0 Spellcasting
 - Level 12.0 Hexes
 - Level 4.0 Evocations


You had 14 spell levels left.
You knew the following spells:

 Your Spells              Type           Power      Damage    Failure   Level
a - Ensorcelled Hibernat  Hex/Ice        70%        N/A       1%          2
b - Confusing Touch       Hex            58%        N/A       1%          3
c - Tukima's Dance        Hex            58%        N/A       1%          3
d - Dazzling Flash        Conj/Hex       70%        N/A       3%          3

Your spell library contained the following spells:

 Spells                   Type           Power      Damage    Failure   Level
 Sandblast                Erth           16%        2d6       13%         1
 Cigotuvi's Dreadful Rot  Necr/Alch/Air  16%        N/A       19%         2
 Mercury Vapours          Alch/Air       16%        N/A       19%         2
 Mephitic Cloud           Conj/Alch/Air  8%         N/A       36%         3
 Stone Arrow              Conj/Erth      16%        3d8       36%         3
 Brom's Barrelling Bould  Conj/Erth      8%         2d3       77%         4
 Ignite Poison            Fire/Alch      8%         N/A       77%         4
 Leda's Liquefaction      Alch/Erth      4%         N/A       77%         4
 Freezing Cloud           Conj/Ice/Air   4%         6-21      98%         5
 Iskenderun's Battlesphe  Conj           8%         2d6       98%         5
 Lee's Rapid Deconstruct  Erth           4%         3d5*      98%         5
 Bombard                  Conj/Erth      4%         9d2       100%        6
 Permafrost Eruption      Ice/Erth       4%         2x4d3     100%        6
 Spellforged Servitor     Conj/Summ      4%         N/A       100%        7


Dungeon Overview and Level Annotations

Branches:
Dungeon (11/15)            Temple (1/1) D:5            Lair (2/5) D:9
    Orc (0/2) D:10          Sewer (visited)         Ossuary (visited)
 Bailey (visited)
  Swamp: Lair:2-3    Shoals: Lair:2-3     Snake: Lair:2-3    Spider: Lair:2-3

Altars:
Ashenzari
Cheibriados
Dithmenos
Fedhas
Gozag
Hepliaklqana
Kikubaaqudgha
Makhleb
Nemelex Xobeh
Okawaru
Qazlal
Ru
Sif Muna
Trog
Uskayaw
Vehumet
Wu Jian
Xom
Yredelemnul

Shops:
D:4 =:*=(*   D:10 [

Annotations:
D:9 1 runed translucent door, MoonlitKnight's ghost, journeyman MDMo
D:11 incomplete (skel warr)


Innate Abilities, Weirdness & Mutations

Your natural rate of healing is accelerated.
You have razor-sharp teeth.
You have supernaturally acute eyesight. (SInv)
You are afflicted with vampirism and can become a bat while bloodless.


Message History

Aim: a skyshark (chance to affect: 46%)
The skyshark resists with some effort.
Unknown command.
Casting: Ensorcelled Hibernation (safe; 1% risk of failure)
Confirm with . or Enter, or press ? or * to list all spells.
Aiming: Ensorcelled Hibernation (safe; 1% risk of failure)
Press: ? - help, Shift-Dir - straight line, f/p - skyshark
Aim: a skyshark (chance to affect: 46%)
The skyshark resists with some effort.
The skyshark bites you.
The skyshark tastes blood and grows stronger!
The skyshark tail-slaps you but does no damage.
You block the skyshark's attack.
You hit the skyshark but do no damage. The skyshark misses you.
You block the skyshark's attack.
The skyshark tail-slaps you but does no damage.
Casting: Ensorcelled Hibernation (safe; 1% risk of failure)
Confirm with . or Enter, or press ? or * to list all spells.
Aiming: Ensorcelled Hibernation (safe; 1% risk of failure)
Press: ? - help, Shift-Dir - straight line, f/p - skyshark
Aim: a skyshark (strong, chance to affect: 46%)
The skyshark resists with some effort.
The skyshark bites you!!
* * * LOW HITPOINT WARNING * * *
The skyshark enters a blood-rage!
The skyshark tail-slaps you but does no damage.
The skyshark tail-slaps you!
* * * LOW HITPOINT WARNING * * *
Casting: Ensorcelled Hibernation (safe; 1% risk of failure)
Confirm with . or Enter, or press ? or * to list all spells.
You can't see any susceptible monsters within range! (Use Z to cast anyway.) Unknown command.
Unknown command.
Casting: Ensorcelled Hibernation (safe; 1% risk of failure)
Confirm with . or Enter, or press ? or * to list all spells.
Your hands begin to glow red.
The skyshark barely misses you. The skyshark closely misses you.
The skyshark barely misses you.
Unknown command.
You hit the skyshark but do no damage. The skyshark bites you!!
* * * LOW HITPOINT WARNING * * *
The skyshark tail-slaps you!
You die...

.................#.#!.##.
.........................
......†..................
..................†......
.........................
.........................
....PPP##...#..†.†....=..
....#######..#..##.#.P.PP
....#...@F......#####P..#
#............##..# ..##
.....##?.....##...# ..
#.. #........#..... #...
##...........#...
#....####..P.##.....#.#
#......#..P.......P#. .
#.................[. .
......†.......h....


You could see a skyshark (berserk).

Vanquished Creatures
  6 two-headed ogres
  The ghost of Autsider the Covert, a journeyman FeSu of Kikubaaqudgha (Lair:1)
  A skyshark (Lair:2)
  Pikel (D:4)
  2 gargoyles (D:11)
  4 cane toads (Lair:1)
  An unseen horror (D:11)
  3 komodo dragons
  3 trolls
  A hornet (D:9)
  7 blink frogs (Lair:1)
  4 spriggans (Bailey)
  Eustachio (D:4)
  A shadow (D:10)
  2 basilisks
  2 wraiths (D:10)
  2 wyverns (Lair:1)
  19 yaks
  2 steam dragons
  Grum (Lair:1)
  2 vampire mosquitoes (D:11)
  Menkaure (D:4)
  3 water moccasins
  An orc warrior (D:8)
  3 black bears
  6 ogres
  18 wolves
  2 centaurs
  3 lemures (D:4)
  2 phantoms
  4 kobold brigands
  8 bullfrogs
  2 scorpions (D:5)
  2 wights (D:9)
  A burial acolyte (D:8)
  2 electric eels (D:10)
  2 howler monkeys (D:10)
  2 bullfrog zombies (Ossuary)
  3 hounds (D:5)
  3 jellies
  An orc priest (D:10)
  3 sleepcaps
  Jessica (D:3)
  9 mummies (Ossuary)
  Terence (D:3)
  Natasha (thrice) (D:3)
  3 iguanas
  2 orc wizards
  6 hell rats (Lair:2)
  A killer bee zombie (Ossuary)
  3 crocodile zombies (Ossuary)
  3 hound zombies (Ossuary)
  7 howler monkey zombies (Ossuary)
  6 adders
  5 river rats (Sewer)
  2 shadow imps
  2 white imps
  2 ufetubi (D:7)
  2 adder zombies (D:8)
  3 ribbon worms
  18 orcs
  7 endoplasms
  2 giant cockroaches (D:2)
  6 hobgoblins
  27 kobolds
  3 quokkas
  11 ball pythons
  5 ball python zombies (Ossuary)
  6 bats
  3 frilled lizards
  8 goblins
  2 jackal zombies (D:8)
  23 rats
320 creatures vanquished.

Vanquished Creatures (collateral kills)
  A spriggan (Bailey)
  2 orc warriors (D:10)
  2 ogres (Bailey)
  23 wights
  An orc priest (D:10)
  3 orc wizards (D:10)
  5 orcs
  2 goblins (D:8)
  2 kobolds (D:9)
41 creatures vanquished.

Vanquished Creatures (others)
  An arcanist (D:10)
  A butterfly (D:9)
2 creatures vanquished.

Grand Total: 363 creatures vanquished

Notes
Turn   | Place    | Note
-------+----------+-------------------------------------------
     0 | D:1      | tilp the Vampire Enchanter began the quest for the Orb.
     0 | D:1      | Reached XP level 1. HP: 13/13 MP: 3/3
   186 | D:1      | Reached XP level 2. HP: 19/20 MP: 5/5
   780 | D:2      | Identified a scroll of acquirement
   879 | D:2      | Reached skill level 1 in Long Blades
   972 | D:2      | Gained mutation: You are afflicted with vampirism and can
                  | become a bat while bloodless. [Vampire growth]
   972 | D:2      | Reached XP level 3. HP: 25/25 MP: 6/6
   975 | D:2      | Learned a level 2 spell: Ensorcelled Hibernation
   979 | D:2      | Learned a level 3 spell: Confusing Touch
  1255 | D:2      | Reached skill level 1 in Fighting
  1591 | D:3      | Noticed Terence
  1599 | D:3      | Killed Terence
  1600 | D:3      | Reached skill level 5 in Hexes
  1600 | D:3      | Reached XP level 4. HP: 19/32 MP: 2/7
  1725 | D:3      | Found a glowing drain.
  1730 | Sewer    | Entered a sewer
  1823 | Sewer    | Reached skill level 5 in Stealth
  1849 | Sewer    | Reached XP level 5. HP: 34/38 MP: 1/8
  1926 | Sewer    | Learned a level 3 spell: Tukima's Dance
  2168 | Sewer    | Reached XP level 6. HP: 42/44 MP: 0/9
  2759 | D:3      | Noticed Natasha
  2766 | D:3      | Killed Natasha
  2813 | D:3      | Noticed Jessica
  2823 | D:3      | Killed Jessica
  2824 | D:3      | Reached XP level 7. HP: 45/51 MP: 7/11
  2841 | D:3      | Learned a level 3 spell: Dazzling Flash
  2843 | D:3      | Noticed Natasha
  2847 | D:3      | Killed Natasha
  3170 | D:3      | Noticed Natasha
  3191 | D:3      | Killed Natasha
  3280 | D:4      | Found Niyffuug's Assorted Antiques.
  3288 | D:4      | Bought a scroll labelled NUAKHY WIEP for 32 gold pieces
  3288 | D:4      | Bought a scroll labelled NUAKHY WIEP for 32 gold pieces
  3301 | D:4      | Found Odear's Weapon Boutique.
  3313 | D:4      | Noticed Eustachio
  3334 | D:4      | Found Xilorch's Jewellery Shop.
  3407 | D:4      | Found a basalt altar of Yredelemnul.
  3431 | D:4      | Found a burning altar of Makhleb.
  3577 | D:4      | Found Yxamp's Assorted Antiques.
  3580 | D:4      | Bought a scroll labelled BASUZISIGI for 31 gold pieces
  3580 | D:4      | Bought a scroll labelled NUAKHY WIEP for 31 gold pieces
  3604 | D:4      | Noticed Menkaure
  3619 | D:4      | Killed Menkaure
  3656 | D:4      | Bought a dark potion for 27 gold pieces
  3961 | D:4      | Noticed Pikel
  4002 | D:4      | Found Ruto's Vocational Training.
  4296 | D:4      | Killed Eustachio
  4406 | D:4      | Killed Pikel
  4407 | D:4      | Reached XP level 8. HP: 60/60 MP: 9/13
  4559 | D:4      | Found Torah's Jewellery Shop.
  4619 | D:4      | Acquired 864 gold pieces
  4700 | D:4      | Bought a scroll of enchant armour for 240 gold pieces
  4709 | D:5      | Entered Level 5 of the Dungeon
  5113 | D:5      | Found a stormy altar of Qazlal.
  5131 | D:5      | Found a staircase to the Ecumenical Temple.
  5168 | D:5      | Reached skill level 5 in Long Blades
  5176 | Temple   | Entered the Ecumenical Temple
  5188 | Temple   | Became a worshipper of the Wu Jian Council
  5429 | D:5      | Reached XP level 9. HP: 66/66 MP: 14/14
  5822 | D:6      | Found a sand-covered staircase.
  5830 | Ossuary  | Entered an ossuary
  6139 | Ossuary  | Reached * piety under Wu Jian
  6180 | Ossuary  | Reached skill level 5 in Fighting
  6268 | Ossuary  | Reached skill level 1 in Evocations
  6591 | Ossuary  | Reached skill level 5 in Dodging
  6840 | D:6      | Found a shimmering altar of Xom.
  6932 | D:6      | Found a sacrificial altar of Ru.
  7655 | D:7      | Reached skill level 10 in Hexes
  8293 | D:7      | Found a sparkling altar of Nemelex Xobeh.
  8306 | D:7      | Noticed a two-headed ogre
  8310 | D:7      | Killed a two-headed ogre
  8311 | D:7      | Reached XP level 10. HP: 76/76 MP: 17/17
  8391 | D:8      | Found a broken altar of Ashenzari.
  8423 | D:8      | Identified the +2 falchion of Juvvoget {antimagic, rPois
                  | rCorr Dex+3 Stlth+}
  8438 | D:8      | Reached ** piety under Wu Jian
  8650 | D:8      | Found a flagged portal.
  8697 | Bailey   | Entered a bailey
  8940 | Bailey   | Noticed a two-headed ogre
  8961 | Bailey   | Killed a two-headed ogre
  8962 | Bailey   | Reached skill level 5 in Spellcasting
  9914 | D:8      | Found an ancient bone altar of Kikubaaqudgha.
 10146 | D:9      | Reached XP level 11. HP: 83/83 MP: 19/19
 10167 | D:9      | Reached *** piety under Wu Jian
 10245 | D:9      | Noticed a two-headed ogre
 10248 | D:9      | Killed a two-headed ogre
 10351 | D:9      | Noticed a two-headed ogre
 10361 | D:9      | Killed a two-headed ogre
 10362 | D:9      | Reached skill level 10 in Stealth
 10632 | D:9      | Found a staircase to the Lair.
 10643 | D:9      | Found a hide-covered altar of Uskayaw.
 10674 | D:9      | Found a runed translucent door.
 10674 | D:9      | Noticed MoonlitKnight's ghost (journeyman MDMo)
 10753 | D:9      | Noticed a two-headed ogre
 10762 | D:9      | Killed a two-headed ogre
 10900 | D:9      | Reached skill level 1 in Armour
 11298 | D:10     | Entered Level 10 of the Dungeon
 11323 | D:10     | Noticed a two-headed ogre
 11330 | D:10     | Killed a two-headed ogre
 11416 | D:10     | Found Luere's Antique Armour Emporium.
 11426 | D:10     | Bought a pair of ichor-stained boots for 323 gold pieces
 11426 | D:10     | Identified the +0 pair of boots "Egapt" {Dex+3 Stlth+} (You
                  | bought it in a shop on level 10 of the Dungeon)
 11426 | D:10     | Bought a buckler for 153 gold pieces
 11478 | D:10     | Found a bloodstained altar of Trog.
 11551 | D:10     | Reached **** piety under Wu Jian
 11778 | D:10     | Found a staircase to the Orcish Mines.
 12120 | D:10     | Noticed a wizard
 12126 | D:10     | Killed a wizard
 12331 | D:11     | Reached XP level 12. HP: 94/94 MP: 21/21
 12532 | Lair:1   | Entered Level 1 of the Lair of Beasts
 12534 | Lair:1   | Noticed Grum
 12541 | Lair:1   | Killed Grum
 12637 | Lair:1   | Found a runed translucent door.
 12638 | Lair:1   | Noticed Autsider's ghost (journeyman FeSu)
 12880 | Lair:1   | Reached ***** piety under Wu Jian
 13127 | Lair:1   | Reached skill level 10 in Long Blades
 13302 | Lair:1   | Killed Autsider's ghost
 13710 | Lair:2   | Slain by a skyshark

Illustrated notes

Levels and vault maps discovered:
D:1:      lemuel_arrival_broad_hall, layout_loops_ring
D:2:      layout_loops_cross
D:3:      layout_rooms, portal_sewer_entry_e, chequers_serial_rivers_micro_b,
          uniq_natasha, uniq_terence, uniq_jessica
D:4:      layout_layer_cave, mainiacjoe_overflow_alcove_1,
          mainiacjoe_overflow_concentric_impassable, serial_shops, shop,
          nicolae_shop_statue_plus, nicolae_shop_gaudy_bauble,
          nicolae_shop_real_fake_doors, shop, nicolae_shop_vocational,
          uniq_menkaure, uniq_eustachio, uniq_pikel
D:5:      layout_cave_pools, mainiacjoe_overflow_small_starburst,
          lemuel_round_altar, minmay_temple_entry_waves,
          chequers_serial_rivers_room_b
D:6:      layout_basic, mainiacjoe_overflow_surrounded_room,
          lemuel_doored_altar, lemuel_crystal_altar, nicolae_ossuary_entry_plus
D:7:      layout_gridville, nemelex_dance_club_becter
D:8:      layout_rooms, lemuel_zombie_altar_kikubaaqudgha,
          ashenzari_conservatory_becter, enter_bailey_3
D:9:      layout_long_grid, kennysheep_mini_moat,
          nicolae_elyvilon_peaceful_grove, dpeg_oklobed_lair,
          hellmonk_ghost_happy_afterlife
D:10:     layout_rooms, trog_wizard, erik_orc_2, serial_shops, shop
D:11:     layout_small_grid
Temple:   compressed_dpeg_triangle_lava_temple
Lair:1:   layout_roguey, ebering_ghost_inner_flame, basic_altar, uniq_grum
Lair:2:   beargit_carnivore_pack, layout_regular_city, minmay_shoals_entry_hut,
          guppyfry_snake_entry_island, serial_bayou_pond_a

Skill      XL: |  1  2  3  4  5  6  7  8  9 10 11 12 |
---------------+-------------------------------------+-----
Long Blades    | 1 2 3 4 5 6 7 9 10 | 10.7
Fighting       | 1 2 4 5 6 8 9 |  9.8
Hexes          | 5 6 8 9 10 11 12 | 12.0
Stealth        | 5 6 7 8 9 11 12 | 12.0
Short Blades   | 2 |  2.9
Dodging        | 3 4 5 6 |  6.0
Spellcasting   | 3 4 5 6 7 |  7.0
Evocations     | 2 3 4 |  4.0
Armour         | 2 3 |  3.0

Action                     |  1- 3 |  4- 6 |  7- 9 | 10-12 || total
---------------------------+-------+-------+-------+-------++-------
  Melee: Dagger            |   100 |   142 |   322 |   335 ||   899
         Bite              |     9 |     7 |    32 |    27 ||    75
  Throw: Dart              |       |       |     1 |     1 ||     2
   Cast: Ensorcelled Hiber |     8 |    17 |    39 |   123 ||   187
         Confusing Touch   |       |     1 |    37 |    20 ||    58
         Tukima's Dance    |       |       |    10 |    47 ||    57
         Dazzling Flash    |       |       |       |     7 ||     7
Ability: Lunge             |       |       |    29 |    52 ||    81
         Whirlwind         |       |       |     1 |    18 ||    19
  Evoke: Wand              |       |       |       |     3 ||     3
    Use: Scroll            |     2 |     6 |    17 |     9 ||    34
         Potion            |       |       |       |     4 ||     4
   Stab: Sleeping          |    14 |    16 |    33 |    91 ||   154
         Confused          |       |       |    25 |    15 ||    40
         Distracted        |       |       |     1 |     1 ||     2
         Invisible         |       |       |       |     2 ||     2
 Armour: Robe              |    28 |       |   110 |    78 ||   216
         Leather armour    |    26 |    91 |       |       ||   117
         Steam dragon scal |       |       |       |   100 ||   100
  Dodge: Dodged            |    55 |    74 |   154 |   200 ||   483
  Block: Buckler           |       |       |       |    40 ||    40

Table legend: (Time is in decaauts)
 A = Elapsed time spent in this place.
 B = Non-inter-level travel time spent in this place.
 C = Inter-level travel time spent in this place.
 D = Time resting spent in this place.
 E = Time spent auto-exploring this place.
 F = Levels seen in this place.
 G = Mean time per level.
                   A        B        C        D        E       F      G
               +--------+--------+--------+--------+--------+-----+--------+
         Total |  13608 |  12958 |    650 |   1739 |   7845 |  17 |  800.5 |
       Dungeon |   9895 |   9339 |    556 |    601 |   6555 |  11 |  899.5 |
        Temple |     19 |     12 |      7 |      0 |      5 |   1 |   19.0 |
          Lair |   1156 |   1070 |     86 |     80 |    705 |   2 |  578.0 |
         Sewer |    809 |    809 |      0 |     43 |    488 |   1 |  809.0 |
       Ossuary |    939 |    939 |      0 |    474 |     67 |   1 |  939.0 |
        Bailey |    789 |    789 |      0 |    541 |     24 |   1 |  789.0 |
               +--------+--------+--------+--------+--------+-----+--------+

Top non-repeatable levels by time:
     D:4: 1610 daAuts
     D:9: 1187 daAuts
  Lair:1: 943 daAuts
 Ossuary: 939 daAuts
     D:8: 930 daAuts
     D:7: 908 daAuts
    D:10: 874 daAuts
     D:3: 872 daAuts
     D:6: 855 daAuts
   Sewer: 809 daAuts
     D:2: 808 daAuts
  Bailey: 789 daAuts
     D:1: 776 daAuts
     D:5: 761 daAuts
    D:11: 310 daAuts
